 Dungeon Crawl Stone Soup version 0.18-a0-816-g97f838e (webtiles) character file.

206929 ololoev the Fencer (level 18, -2/124 HPs)
             Began as a High Elf Skald on Dec 15, 2015.
             Was a Believer of Qazlal.
             Slain by a greater naga
             ... wielding a +0 flail
              (3 damage)
             ... on level 4 of the Snake Pit.
             The game lasted 03:01:52 (43010 turns).

ololoev the Fencer (High Elf Skald)                Turns: 43010, Time: 03:01:52

Health: -2/124     AC: 27    Str: 20    XL:     18   Next: 46%
Magic:  28/31      EV: 10    Int: 22    God:    Qazlal [**....]
Gold:   2568       SH: 16    Dex: 17    Spells: 5 memorised, 24 levels left

rFire  + . .     SeeInvis .     a - +5 demon blade (elec)
rCold  + . .     Clarity  .     N - +7 chain mail of the Lily {Slay+6}
rNeg   . . .     SustAt   .     L - +1 shield {reflect}
rPois  +         Gourm    .     q - +1 helmet
rElec  .         Spirit   .     A - +0 cloak of Untruth {rPois rC+ Int+4}
rCorr  .         Dismiss  .     P - +1 pair of gloves
rMut   .         Stasis   .     W - +1 pair of boots
MR     +....                    K - amulet of faith
Stlth  ..........               b - +3 ring of strength
                                f - ring of protection from fire

@: lethally poisoned (-2 -> -3), regenerating, constricted, drained, somewhat
resistant to hostile enchantments, extremely unstealthy
A: no striking features
a: Upheaval, Renounce Religion

Inventory:

Hand Weapons
 a - a +5 demon blade of electrocution (weapon)
Armour
 q - a +1 helmet (worn)
 A - the +0 cloak of Untruth (worn) {rPois rC+ Int+4}
   (You found it on level 8 of the Dungeon)

   It affects your intelligence (+4).
   It protects you from cold.
   It protects you from poison.
 L - a +1 shield of reflection (worn)
 N - the +7 chain mail of the Lily (worn) {Slay+6}
   (You bought it in a shop on level 10 of the Dungeon)

   It affects your accuracy and damage with ranged weapons and melee attacks
   (+6).
 P - a +1 pair of gloves (worn)
 W - a +1 pair of boots (worn)
Jewellery
 b - a +3 ring of strength (right hand)
 f - a ring of protection from fire (left hand)
 t - an uncursed ring of see invisible
 K - an amulet of faith (around neck)
 M - an uncursed ring of teleportation
Wands
 o - a wand of teleportation (3)
 r - a wand of digging (3)
 y - a wand of confusion (3)
 H - a wand of disintegration (7)
Scrolls
 c - 3 scrolls of identify
 u - 6 scrolls of fog
 w - 2 scrolls of blinking
 x - 15 scrolls of teleportation
 C - a scroll of holy word
 E - 7 scrolls of recharging
 G - a scroll of brand weapon
 J - 3 scrolls of amnesia
 Q - 10 scrolls of remove curse
Potions
 i - 6 potions of agility
 j - a potion of heal wounds
 m - 2 potions of ambrosia
 n - 6 potions of brilliance
 p - 3 potions of cancellation
 s - 2 potions of might
 v - 10 potions of curing
 z - 4 potions of flight
 B - a potion of resistance
 F - a potion of berserk rage
 U - a potion of haste
Miscellaneous
 O - a sack of spiders {used: 5}
Comestibles
 d - 21 bread rations
 g - 16 meat rations
 h - 8 beef jerkies
 k - 7 slices of pizza
 l - 3 chunks of flesh
 S - 6 fruits


   Skills:
 + Level 11.3(10.7) Fighting
 - Level 17.7(16.9) Long Blades
 + Level 11.6(10.9) Armour
 + Level 10.7(10.0) Dodging
 * Level 9.8(9.2) Shields
 + Level 8.7(8.0) Spellcasting
 - Level 4.2(3.6) Hexes
 + Level 12.9(12.2) Charms
 + Level 8.0(7.4) Necromancy
 + Level 13.2(12.6) Invocations
 - Level 8.1(7.5) Evocations


You had 24 spell levels left.
You knew the following spells:

 Your Spells              Type           Power        Failure   Level  Hunger
a - Infusion              Chrm           ######       1%          1    None
b - Song of Slaying       Chrm           ######..     1%          2    None
c - Regeneration          Chrm/Necr      ######....   8%          3    None
d - Spectral Weapon       Hex/Chrm       #####...     14%         3    None
e - Apportation           Tloc           #.........   90%         1    None


You were on level 4 of the Snake Pit.
You worshipped Qazlal.
Qazlal was pleased with you.
You were very hungry.

You visited 5 branches of the dungeon, and saw 33 of its levels.
You also visited: Labyrinth.

You collected 2950 gold pieces.
You spent 382 gold pieces at shops.

§#...[.......................#
#....)...............######..##
#.............###...##....#.(.##
#..........#'##.#...#.....#....#
#.....###..#....#...'.....#....#
#.....#.#..#....#...##...##...##
##....#.'..##.#.#....#...#...##
.#....###...###N#§...#..##...##
##......^......§@....####.....##
#..............................##
##..............................#
#..........................##.##
##..##'###..................####
#..##....#.....=............##
#..#....##.....#'##..###.....##
...#+..##....###..###+.#......##
....####....##.........#<......#

Notes
Turn   | Place    | Note
--------------------------------------------------------------
     0 | D:1      | ololoev the High Elf Skald began the quest for the Orb.
     0 | D:1      | Reached XP level 1. HP: 14/14 MP: 4/4
   147 | D:1      | Reached XP level 2. HP: 8/19 MP: 1/6
   334 | D:1      | Learned a level 2 spell: Song of Slaying
   472 | D:1      | Reached skill level 1 in Armour
   636 | D:1      | Reached skill level 4 in Long Blades
   818 | D:1      | Reached XP level 3. HP: 21/24 MP: 7/7
  1627 | D:2      | Reached XP level 4. HP: 29/29 MP: 8/8
  1634 | D:2      | Found a white marble altar of Elyvilon.
  1971 | D:2      | Became a worshipper of Elyvilon the Healer
  2466 | D:2      | Noticed Robin
  2497 | D:2      | Killed Robin
  2796 | D:2      | Reached skill level 5 in Long Blades
  2929 | D:2      | Reached XP level 5. HP: 31/34 MP: 9/9
  2934 | D:2      | Learned a level 3 spell: Regeneration
  3013 | D:3      | Reached skill level 1 in Invocations
  3656 | D:3      | Found a stormy altar of Qazlal.
  3708 | D:3      | Reached * piety under Elyvilon
  3733 | D:3      | Fell from the grace of Elyvilon
  3733 | D:3      | Became a worshipper of Qazlal Stormbringer
  4083 | D:3      | Reached XP level 6. HP: 34/39 MP: 10/10
  4130 | D:3      | Reached skill level 6 in Long Blades
  4582 | D:3      | Noticed Terence
  5110 | D:3      | Killed Terence
  5110 | D:3      | Reached * piety under Qazlal
  5313 | D:4      | Found a glowing silver altar of Zin.
  5455 | D:4      | Found an opulent altar of Gozag.
  5671 | D:4      | Reached skill level 1 in Evocations
  6222 | D:5      | Entered Level 5 of the Dungeon
  6275 | D:5      | Reached skill level 5 in Charms
  6398 | D:5      | Reached XP level 7. HP: 42/45 MP: 11/11
  6422 | D:5      | Learned a level 3 spell: Spectral Weapon
  6445 | D:5      | Noticed Grinder
  6450 | D:5      | Killed Grinder
  6450 | D:5      | Reached skill level 7 in Long Blades
  7346 | D:5      | Found a shattered altar of Ashenzari.
  7357 | D:5      | Reached XP level 8. HP: 20/50 MP: 12/12
  7720 | D:5      | Reached skill level 8 in Long Blades
  7929 | D:6      | Noticed hadoken's ghost (novice MfGl)
  7958 | D:6      | Noticed Sigmund
  8257 | D:6      | Killed Sigmund
  8913 | D:7      | Reached skill level 9 in Long Blades
  8951 | D:7      | Found a staircase to the Ecumenical Temple.
  9011 | D:7      | Reached skill level 5 in Invocations
  9011 | D:7      | Reached XP level 9. HP: 30/54 MP: 9/13
  9526 | D:7      | Noticed Duvessa
  9526 | D:7      | Noticed Dowan
  9527 | D:7      | Noticed Duvessa
  9527 | D:7      | Duvessa changed into Duvessa the jelly
  9935 | D:7      | Found an oddly glowing altar of Pakellas.
 10247 | D:8      | Reached ** piety under Qazlal
 10533 | D:8      | Noticed Erica
 10535 | D:8      | Got a brightly glowing cloak
 10593 | D:8      | Reached skill level 10 in Long Blades
 10593 | D:8      | Reached skill level 5 in Armour
 10615 | D:8      | Killed Erica
 10737 | D:8      | Reached skill level 5 in Evocations
 10759 | D:8      | Identified the +0 cloak of Untruth {rPois rC+ Int+4} (You found it on level 8 of the Dungeon)
 10830 | D:8      | Found a shimmering altar of Xom.
 10830 | D:8      | Found a shimmering altar of Xom.
 10831 | D:8      | Found a shimmering altar of Xom.
 10832 | D:8      | Found a shimmering altar of Xom.
 10832 | D:8      | Found a shimmering altar of Xom.
 10832 | D:8      | Found a shimmering altar of Xom.
 11096 | D:8      | Reached XP level 10. HP: 54/60 MP: 15/15
 11100 | D:8      | Found a staircase to the Lair.
 11421 | D:8      | Reached skill level 1 in Necromancy
 11642 | D:6      | Killed hadoken's ghost
 11787 | D:6      | Reached skill level 11 in Long Blades
 11899 | D:6      | Found Hacsymerch's Weapon Emporium.
 12284 | D:7      | Killed Dowan
 12288 | D:7      | Killed Duvessa the jelly
 12378 | D:9      | Found a basalt altar of Yredelemnul.
 12413 | D:9      | Found a staircase to the Orcish Mines.
 12440 | D:9      | Reached *** piety under Qazlal
 12527 | D:9      | Found a radiant altar of Vehumet.
 12582 | D:9      | Noticed ololoev's ghost (novice HESk)
 12596 | D:9      | Killed ololoev's ghost
 12712 | D:9      | Noticed a deep elf mage
 12741 | D:9      | Killed a deep elf mage
 13105 | D:10     | Entered Level 10 of the Dungeon
 13175 | D:10     | Noticed a hill giant
 13769 | D:10     | Noticed a hill giant
 14036 | D:10     | Reached XP level 11. HP: 30/68 MP: 17/17
 14124 | D:10     | Killed a hill giant
 14124 | D:10     | Reached skill level 12 in Long Blades
 14270 | D:10     | Killed a hill giant
 14782 | D:10     | Found Miwudgh's Antique Armour Shop.
 15246 | D:10     | Got a faintly glowing ring mail
 15419 | Lair:1   | Entered Level 1 of the Lair of Beasts
 15880 | Lair:1   | Identified the +1 ring mail of Soaxket {rPois rF+ Slay+3} (You found it on level 10 of the Dungeon)
 16299 | Lair:1   | Noticed a six-headed hydra
 16345 | Lair:1   | HP: 1/70 [five-headed hydra (9)]
 16429 | Lair:1   | Killed a one-headed hydra
 16429 | Lair:1   | Reached skill level 5 in Fighting
 16968 | Lair:2   | Reached **** piety under Qazlal
 17357 | Lair:1   | Reached skill level 13 in Long Blades
 17588 | D:10     | Bought a smelly chain mail for 256 gold pieces
 17598 | D:10     | Identified the +7 chain mail of the Lily {Slay+6} (You bought it in a shop on level 10 of the Dungeon)
 17928 | Lair:2   | Noticed Urug
 18144 | Lair:2   | Reached XP level 12. HP: 77/77 MP: 16/19
 19170 | Lair:3   | Noticed an eight-headed hydra
 19177 | Lair:3   | Killed a six-headed hydra
 20211 | Lair:3   | Found a staircase to the Shoals.
 20305 | Lair:4   | Noticed Nergalle
 20325 | Lair:4   | Killed Nergalle
 20325 | Lair:4   | Reached skill level 5 in Necromancy
 20395 | Lair:4   | Noticed an eight-headed hydra
 20428 | Lair:4   | Killed a six-headed hydra
 20436 | Lair:4   | Reached skill level 14 in Long Blades
 20861 | Lair:4   | Reached skill level 10 in Charms
 21439 | Lair:4   | Reached XP level 13. HP: 77/84 MP: 20/20
 22820 | Lair:5   | Found a staircase to the Snake Pit.
 22891 | Lair:5   | Reached ***** piety under Qazlal
 23069 | Lair:5   | You fall through a shaft!
 24485 | Lair:7   | Reached skill level 5 in Dodging
 24517 | Lair:7   | Reached skill level 15 in Long Blades
 24545 | Lair:7   | Noticed Josephine
 24555 | Lair:7   | Killed Josephine
 24662 | Lair:7   | Noticed Duffy's ghost (journeyman DDBe)
 24679 | Lair:7   | Killed Duffy's ghost
 25351 | Lair:7   | Reached XP level 14. HP: 53/92 MP: 17/22
 25427 | Lair:8   | Entered Level 8 of the Lair of Beasts
 25463 | Lair:8   | Reached skill level 10 in Invocations
 25740 | Lair:8   | Identified a scroll of acquirement
 26147 | Lair:8   | Found a viscous altar of Jiyva.
 26147 | Lair:8   | Found a staircase to the Slime Pits.
 26185 | Lair:8   | Found a white marble altar of Elyvilon.
 26417 | Lair:8   | Reached skill level 1 in Hexes
 27022 | Orc:1    | Entered Level 1 of the Orcish Mines
 27305 | Orc:1    | Noticed an orc warlord
 27314 | Orc:1    | Killed an orc warlord
 27700 | Orc:2    | Entered Level 2 of the Orcish Mines
 27723 | Orc:2    | Reached skill level 1 in Shields
 27779 | Orc:2    | Found a staircase to the Elven Halls.
 27845 | Orc:2    | Noticed Saint Roka
 28063 | Orc:2    | Killed Saint Roka
 28063 | Orc:2    | Reached skill level 16 in Long Blades
 28247 | Orc:2    | Found a roughly hewn altar of Beogh.
 28288 | Orc:2    | Found Fophos's Antique Armour Emporium.
 28390 | Orc:2    | Found Lokuimawk's Book Emporium.
 28406 | Orc:2    | Found Sakef's General Store.
 28413 | Orc:2    | Bought a scroll of summoning for 104 gold pieces
 28413 | Orc:2    | Bought a scroll of identify for 22 gold pieces
 28422 | Orc:2    | Found Abakagag's Antique Weapon Emporium.
 28919 | D:11     | Found Tukofela's Armour Boutique.
 29626 | D:11     | Reached XP level 15. HP: 96/99 MP: 20/24
 29770 | D:11     | Got a flickering copper ring
 29772 | D:11     | Identified the ring "Biroh" {rN+ Dex+2 Stlth+} (You took it off a wizard on level 11 of the Dungeon)
 30800 | D:13     | Found a gate to the Vaults.
 30800 | D:13     | Noticed Rupert
 31180 | D:13     | Paralysed by Rupert for 2 turns
 31189 | D:13     | Killed Rupert
 31956 | D:14     | Noticed Azrael
 31989 | D:14     | Killed Azrael
 32548 | D:15     | Entered Level 15 of the Dungeon
 32717 | D:15     | Reached skill level 17 in Long Blades
 32971 | D:15     | Found a labyrinth entrance.
 32976 | Lab      | Entered a labyrinth
 33297 | D:15     | Found a staircase to the Depths.
 33917 | Snake:1  | Entered Level 1 of the Snake Pit
 33977 | Snake:1  | Reached skill level 10 in Armour
 34376 | Snake:1  | You fall through a shaft!
 34519 | Snake:2  | Reached XP level 16. HP: 27/108 MP: 22/25
 35774 | Snake:3  | Reached skill level 5 in Shields
 35779 | Snake:3  | Noticed Vashnia
 35822 | Snake:3  | Killed Vashnia
 35822 | Snake:3  | Reached skill level 5 in Spellcasting
 36003 | Snake:3  | Reached skill level 10 in Fighting
 37100 | Snake:3  | Learned a level 1 spell: Apportation
 37566 | Snake:4  | Entered Level 4 of the Snake Pit
 37788 | Snake:4  | Reached XP level 17. HP: 78/116 MP: 21/27
 38981 | Shoals:1 | Entered Level 1 of the Shoals
 39315 | Shoals:1 | Identified Ritoi's Compendium of Clay and Ice
 39872 | Shoals:2 | Noticed Aizul
 39890 | Shoals:1 | Killed Aizul
 40537 | Shoals:3 | Reached skill level 10 in Dodging
 41418 | Shoals:4 | Entered Level 4 of the Shoals
 41535 | Shoals:4 | Noticed Ilsuiw
 41715 | Shoals:4 | Reached XP level 18. HP: 119/124 MP: 14/30
 41721 | Shoals:4 | Noticed Louise
 43010 | Snake:4  | HP: 1/124 [greater naga/flail (20)]
 43010 | Snake:4  | Slain by a greater naga

Dungeon Overview and Level Annotations

Branches:
Dungeon (15/15)            Temple (0/1) D:7            Lair (8/8) D:8
 Shoals (4/4) Lair:3        Snake (4/4) Lair:5        Slime (0/6) Lair:8
    Orc (2/2) D:9             Elf (0/3) Orc:2        Vaults (0/5) D:13
 Depths (0/5) D:15

Altars:
Ashenzari
Elyvilon
Gozag
Pakellas
Qazlal
Vehumet
Xom
Yredelemnul
Zin
Beogh
Jiyva

Shops:
D:6 (   D:10 [   D:11 [   Orc:2 :*[(

Annotations:
D:9 exclusion: statue
Lair:2 Urug
Shoals:4 Ilsuiw, Louise


Message History

The greater naga is lightly wounded.
The greater naga spits poison at you. The splash of poison misses you.
You hit the greater naga.
The greater naga is lightly wounded.
Your chain mail of the Lily prevents you from hitting the greater naga.
The greater naga is lightly wounded.
The greater naga gestures at you while chanting.
The orb of energy hits you!
The orb of energy explodes!
You barely miss the greater naga.
The greater naga is lightly wounded.
You feel sick.
You slash the greater naga!
The greater naga is moderately wounded.
The greater naga hits you with a flail. The greater naga grabs you.
The greater naga constricts you.
You hit the greater naga but do no damage.
The greater naga is moderately wounded.
You slash the greater naga!
There is a sudden explosion of sparks!
The greater naga is severely wounded.
The greater naga gestures at you while chanting.
The poison arrow hits you!
You are more poisoned.
You partially resist. The greater naga constricts you.
Casting: Regeneration
Confirm with . or Enter, or press ? or * to list all spells.
Your skin crawls.
You feel sick. The greater naga spits poison at you.
The splash of poison hits you! You resist. The greater naga constricts you.
You barely miss the greater naga.
The greater naga is severely wounded.
You feel sick.
The greater naga gestures at you while chanting.
The poison arrow hits you!
You are more poisoned.
You partially resist. The greater naga constricts you!
Your attempt to break free from the greater naga fails, but you feel that another attempt might succeed.
You feel sick.
The greater naga hits you with a flail!!
You die...

You could see a greater naga.

Vanquished Creatures
  Vashnia (Snake:3)
  Saint Roka (Orc:2)
  2 krakens
  4 greater nagas (Snake:4)
  A vault warden (D:13)
  Aizul (Shoals:1)
  A very ugly thing (D:14)
  Azrael (D:14)
  3 merfolk javelineers (Shoals:4)
  9 merfolk impalers
  Josephine (Lair:7)
  A minotaur (Lab)
  A ghost crab (shapeshifter) (D:15)
  10 naga warriors
  A merfolk avatar (Shoals:1)
  3 centaur warriors
  Erica (D:8)
  2 satyrs (Shoals:3)
  4 hydras
  9 anacondas
  2 merfolk aquamancers
  9 death yaks
  The ghost of ololoev the Carver, a novice HESk of Elyvilon (D:9)
  Nergalle (Lair:4)
  14 shock serpents
  11 naga sharpshooters
  3 salamander mystics
  A skeletal warrior (D:13)
  6 sea snakes
  6 naga ritualists
  3 ugly things
  An unseen horror (D:15)
  7 orc knights
  11 salamanders
  A cyclops (Shoals:3)
  22 harpies
  2 orc sorcerers (Orc:2)
  3 hill giants
  A necromancer (D:15)
  A wolf spider zombie (D:15)
  6 deep elf magi
  11 fauns
  12 manticores
  7 griffons
  5 wizards
  3 oklob plants (Lair:4)
  5 guardian serpents
  5 water nymphs
  13 mana vipers
  6 elephants
  A gargoyle (D:11)
  9 sirens
  48 black mambas
  21 naga magi
  A torpor snail (Lair:4)
  The ghost of hadoken the Spear-Bearer, a novice MfGl of Okawaru (D:6)
  5 centaur skeletons
  10 spiny frogs
  7 komodo dragons
  A redback zombie (D:15)
  A kobold demonologist (D:11)
  3 efreet
  A tengu conjurer (D:15)
  2 spriggan druids (Lair:8)
  3 fire drakes
  39 merfolk
  3 two-headed ogres
  4 polar bears
  A wind drake (Shoals:1)
  4 trolls
  A boulder beetle (Lair:8)
  Grinder (D:5)
  4 snapping turtles
  3 slime creatures (D:12)
  14 blink frogs
  Sigmund (D:6)
  2 centaur simulacra (D:15)
  4 wraiths
  3 wyverns
  9 spriggans (Lair:8)
  16 humans
  4 water elementals
  5 redbacks (Lair:8)
  2 steam dragons (D:5)
  48 yaks
  5 vampire mosquitoes
  12 hippogriffs
  A hungry ghost (D:9)
  A fire elemental (D:14)
  A warg (Orc:1)
  5 basilisks
  42 nagas
  A mottled dragon (D:14)
  3 soldier ants
  27 wolves
  26 water moccasins
  13 porcupines
  10 black bears
  3 hell hounds (D:14)
  9 ice beasts
  4 wasps
  10 ogres
  28 orc warriors
  2 phantoms
  A necrophage (D:7)
  6 sky beasts
  An eye of draining (D:13)
  4 boggarts (D:11)
  18 crocodiles
  7 centaurs
  21 giant frogs
  2 big kobolds
  A water moccasin zombie (D:5)
  18 killer bees
  A water moccasin skeleton (D:10)
  Dowan (D:7)
  5 scorpions
  An electric eel (Lair:3)
  4 crimson imps
  5 centaur zombies
  A gnoll shaman (D:10)
  3 jellies
  3 quasits
  2 giant frog skeletons
  18 orc priests
  A wyvern simulacrum (D:15)
  9 hounds
  20 orc wizards
  Terence (D:3)
  10 hell rats
  12 iguanas
  10 worker ants
  20 sheep
  A hound skeleton (D:4)
  A worker ant zombie (D:10)
  Robin (D:2)
  19 adders
  9 gnolls
  54 river rats
  6 shadow imps
  An ooze (D:1)
  An adder zombie (D:7)
  An adder skeleton (D:8)
  6 worms
  5 giant geckos
  67 orcs
  5 ball pythons
  8 bats
  8 giant cockroaches
  22 hobgoblins
  14 kobolds
  5 quokkas
  7 giant newts
  15 goblins
  23 jackals
  25 rats
  A bush (Lair:3)
  48 fungi
  45 plants
  5 tentacles
1330 creatures vanquished.

Vanquished Creatures (collateral kills)
  Rupert (D:13)
  An orc warlord (Orc:1)
  The ghost of Duffy the Severer, a journeyman DDBe of Trog (Lair:7)
  2 death yaks
  An orc high priest (Orc:2)
  3 oklob plants (Lair:4)
  An orc warrior (Orc:1)
  A crimson imp (D:9)
  2 orc priests
  An orc wizard (Orc:2)
  3 orcs
  4 plants (Lair:4)
21 creatures vanquished.

Vanquished Creatures (others)
  A naga sharpshooter (Snake:3)
  A wizard (D:11)
  A deep elf mage (D:15)
  A merfolk (Shoals:4)
  A raiju (shapeshifter) (D:14)
  A basilisk (D:15)
  A steam dragon (D:11)
  A hound (D:14)
  2 orcs
  17 fungi
  45 plants
  13 tentacles
  206 tentacle segments
  5 toadstools (D:1)
296 creatures vanquished.

Grand Total: 1647 creatures vanquished

Action                   |  1- 3 |  4- 6 |  7- 9 | 10-12 | 13-15 | 16-18 || total
-------------------------+-------+-------+-------+-------+-------+-------++-------
Melee: Falchion          |   163 |   125 |   117 |       |       |       ||   405
       Dagger            |       |   323 |   206 |       |       |       ||   529
       Scimitar          |       |       |    42 |   855 |   237 |       ||  1134
       Great sword       |       |       |       |     8 |       |       ||     8
       Demon blade       |       |       |       |       |  1116 |  1143 ||  2259
 Cast: Infusion          |     2 |       |     8 |     9 |     5 |     1 ||    25
       Song of Slaying   |       |       |     3 |     5 |    24 |    48 ||    80
       Regeneration      |       |       |       |    15 |    45 |   108 ||   168
       Spectral Weapon   |       |       |       |     1 |       |       ||     1
Invok: Upheaval          |       |       |     1 |    10 |    32 |    57 ||   100
       Elemental Force   |       |       |       |     3 |     5 |       ||     8
       Disaster Area     |       |       |       |       |     3 |       ||     3
Evoke: Wand              |       |     1 |    17 |    42 |    17 |     3 ||    80
       Deck              |       |       |       |     2 |     8 |     1 ||    11
       Sack of spiders   |       |       |       |       |       |     7 ||     7
  Use: Potion            |     1 |     2 |     2 |     5 |     7 |     5 ||    22
       Scroll            |       |       |    10 |     9 |    24 |    16 ||    59
 Stab: Paralysed         |       |       |     5 |       |       |       ||     5
       Confused          |       |       |       |     5 |     8 |       ||    13
  Eat: Chunk             |     3 |    15 |    14 |    31 |    42 |    31 ||   136
       Beef jerky        |       |       |     1 |       |       |       ||     1
       Fruit             |       |       |       |    12 |    10 |     8 ||    30
       Royal jelly       |       |       |       |       |     1 |       ||     1

Vault maps used:
D:1:      ldierk_walled_garden
D:2:      lemuel_crystal_altar, first_bread, uniq_robin
D:3:      kennysheep_big_flooded_room, overflow_temple_1_default, uniq_terence
D:4:      zin_treasury, nicolae_gozag_cash_rules_everything_around_me
D:5:      kennysheep_steamy, cheibrodos_ashenzari_chains,
          kennysheep_generic_room_8, uniq_grinder
D:6:      serial_shops, nicolae_shop_statue_plus,
          corexii_item_surrounded_by_moat, roderic_lattice_a, uniq_sigmund
D:7:      grunt_pakellas_salt, temple_hall, uniq_duvessa
D:8:      xom_redecorated, lair_0_dummy, grunt_ministairs_6, uniq_erica
D:9:      vehumet_statue, orc_0_dummy, basic_altar
D:10:     serial_shops, shop, grunt_ministairs_14, blue_anna_alchemist
D:11:     minmay_smoke_and_mirrors, serial_shops, nicolae_shop_crystal,
          hangedman_abyss_or_decor_lesser_grid
D:13:     david_vaults_3
D:14:     minivault_19, uniq_azrael
D:15:     grunt_enter_depths_magical_seal, lab_entry_generic, minmay_door_square
Lair:1:   wad_woods_structure_01, cheibrodos_lair_caveside_slide
Lair:2:   lemuel_ratsnest, nicolae_quartered_pool_little, grunt_megastairs_3,
          uniq_urug
Lair:3:   minmay_shoals_entry_hut
Lair:4:   minmay_lair_oklob_tunnel, uniq_nergalle
Lair:5:   dummy_snake_entry, lemuel_fruit_fields
Lair:6:   beast_lair_carwin_6
Lair:7:   uniq_josephine
Lair:8:   minmay_lair_end_enchanted_forest, dpeg_slime_entry_enclosed_altar,
          basic_altar, grunt_forest_stairs_basic
Shoals:2: uniq_aizul
Shoals:4: shoals_end_grunt_ice, shoals_ilsuiw_alternative, uniq_polyphemus,
          uniq_louise
Snake:2:  spider_trap
Snake:3:  hangedman_venom_bottle, grunt_megastairs_4, uniq_vashnia
Snake:4:  snake_pit
Orc:1:    basic_altar, statue_in_the_mist_lemuel
Orc:2:    grunt_orc_cross
Lab:      nicolae_lab_dead_adventurers, nicolae_lab_grate,
          labyrinth_skeletal_remains, nicolae_lab_do_over, nicolae_lab_quarters
